AoeStats
← Ruipue

Arabia

510190436Analyzed
2v2 RM · 3d ago on Sep 29, 2026· 22m 45s· 4 players
Game mode
Random Map
Map size
Medium (4 player)
Population
200
Speed
Normal
Resources
Standard
Victory
Conquest
Starting age
Dark Age
Ending age
Imperial Age
RankedLock teamsTeams togetherTeam positionsShared explorationLock speedFull tech treeHidden civsTurbo modeCheats
Victory
Defeat
🇨🇱 Franks · Chile
914
+15
🇨🇱 Portuguese · Chile
845
+17
🇹🇼 Britons · Taiwan
897
-17
🇪🇸 Franks · Spain
864
-15
✟ L¥N V ✟
2:14 Loom
7:49 Loom
Ruipue
3:07 Loom
11:18 Feudal Age
12:07 Double-Bit Axe
18:27 Castle Age
soldner.10
9:26 Feudal Age
Longoooooo
11:20 Feudal Age
16:56 Castle Age
Connection lost

Rejoining the realm…

Still unreachable

The connection could not be restored.

Session expired

The server has moved on; the page needs a fresh start.